 Dungeon Crawl Stone Soup version 0.28.0-1-gb440e238dd (webtiles) character file.

Game seed: 2794841822920621786

65 fragbeetle the Bolt Thrower (level 3, 0/30 HPs)
             Began as a Minotaur Hunter on Feb 24, 2022.
             Slain by an orc priest (2 damage)
             ... on level 3 of the Dungeon.
             The game lasted 00:02:46 (2171 turns).

fragbeetle the Bolt Thrower (Minotaur Hunter)       Turns: 2171, Time: 00:02:47

Health: 0/30       AC:  7    Str: 16    XL:     3   Next: 92%
Magic:  2/2        EV: 11    Int:  8    God:
Gold:   44         SH:  0    Dex: 12    Spells: 2/2 levels left

rFire   . . .      SeeInvis .   b - +0 short sword
rCold   . . .      Faith    .   (no shield)
rNeg    . . .      Spirit   .   f - +0 ring mail
rPois   .          Reflect  .   (helmet restricted)
rElec   .          Harm     .   (no cloak)
rCorr   .          Rampage  .   (no gloves)
Will    .....                   h - +1 pair of boots
Stlth   +.........              (no amulet)
HPRegen 0.10/turn               (no ring)
MPRegen 0.08/turn               (no ring)

@: no status effects
A: horns 2, retaliatory headbutt
a: no special abilities


You were on level 3 of the Dungeon.
You visited 1 branch of the dungeon, and saw 3 of its levels.

You collected 44 gold pieces.

Inventory:

Hand Weapons
 a - a +1 hand crossbow
 b - a +0 short sword (weapon)
Missiles
 d - 39 bolts
Armour
 f - a +0 ring mail (worn)
 h - a +1 pair of boots (worn)
Scrolls
 e - 2 scrolls of identify {unknown}
 g - a scroll of noise {unknown}
 i - a scroll of enchant weapon {unknown}
 j - a scroll of magic mapping {unknown}
Potions
 c - a potion of berserk rage {unknown}
 k - a potion of curing {unknown}
 l - a potion of heal wounds {unknown}


   Skills:
 - Level 2.4 Fighting
 + Level 6.1 Crossbows
 - Level 2.1 Dodging
 - Level 0.7 Stealth


You had 2 spell levels left.
You didn't know any spells.
Your spell library was empty.

Dungeon Overview and Level Annotations

Branches:
Dungeon (3/15)

Altars:

Annotations:
D:2 exclusion: downstairs


Innate Abilities, Weirdness & Mutations

You have a pair of horns on your head.
You reflexively headbutt those who attack you in melee.


Message History

You hit the hobgoblin.
You kill the hobgoblin!
The orc barely misses you.
You completely miss the orc. You headbutt the orc!
You kill the orc!
No target in view!
No target in view!
Things that are here:
a +0 hand axe; an orc corpse
Found 2 gold pieces.
You now have 44 gold pieces (gained 2).
The orc priest shouts!
You hear a shout!
A hobgoblin comes into view.
An endoplasm comes into view.
Found a stone staircase leading down.
The endoplasm quivers.
You closely miss the orc priest. The orc priest hits you with a +0 club.
You barely miss the orc priest.
You headbutt the orc priest, but do no damage.
You punch the orc priest, but do no damage.
The orc priest invokes the aid of Beogh against you.
Beogh smites you!
Ouch! That really hurt!
The endoplasm jiggles.
The orc priest invokes the aid of Beogh against you.
Pain shoots through your body!
* * * LOW HITPOINT WARNING * * *
Unknown command.
You hit the hobgoblin but do no damage. You headbutt the hobgoblin.
You kill the hobgoblin!
You hit the orc priest.
The orc priest is moderately wounded.
The orc priest barely misses you.
You hit the orc priest but do no damage.
The orc priest is moderately wounded.
The orc priest hits you but does no damage.
You hit the orc priest but do no damage.
The orc priest is moderately wounded.
The orc priest hits you with a +0 club.
You die...

####.####.####.
#...# # ###.##.
#.##. #
#.##.####.# #.#
...... #.# ....
#.###.# #...@.#
#####o#
............#
#######.#####
#.# ... ... ...
..>..


You could see an orc priest.

Vanquished Creatures
  An adder (D:2)
  2 dart slugs (D:1)
  3 orcs
  2 endoplasms (D:1)
  2 giant cockroaches (D:1)
  5 goblins
  10 hobgoblins
  2 quokkas (D:1)
  3 ball pythons
  2 bats
  6 frilled lizards
  4 kobolds
  3 rats
45 creatures vanquished.

Notes
Turn   | Place    | Note
-------+----------+-------------------------------------------
     0 | D:1      | fragbeetle the Minotaur Hunter began the quest for the Orb.
     0 | D:1      | Reached XP level 1. HP: 18/18 MP: 0/0
   155 | D:1      | Reached XP level 2. HP: 6/25 MP: 1/1
   544 | D:1      | Reached skill level 5 in Crossbows
   947 | D:1      | Reached XP level 3. HP: 24/30 MP: 2/2
  1874 | D:3      | Reached skill level 6 in Crossbows
  1897 | D:3      | Noticed an ogre
  2171 | D:3      | Slain by an orc priest

Illustrated notes

Levels and vault maps discovered:
D:1:      shiori_shiawase, layout_basic
D:2:      layout_loops_ring
D:3:      layout_loops_ring

Skill      XL: |  1  2  3 |
---------------+----------+-----
Crossbows      | 5 6 |  6.1
Fighting       | |  2.4
Dodging        | |  2.1
Stealth        | |  0.7

Action                   || total
-------------------------++-------
Melee: Short sword       ||    94
       Headbutt          ||    21
       Punch             ||     2
 Fire: Hand crossbow     ||     2
Armor: Ring mail         ||    22
       Leather armour    ||     3
Dodge: Dodged            ||    39
